 Dungeon Crawl Stone Soup version 0.24-a0-417-g1cce26a4d2 (webtiles) character file.

Game seed: 10373723496587610863

1412618 Xenophilius the Acrobat (level 27, 138/138 HPs)
             Began as a Felid Fire Elementalist on June 10, 2019.
             Was a High Priest of Elyvilon.
             Escaped with the Orb
             ... and 3 runes on June 18, 2019!
             The game lasted 11:09:06 (114788 turns).

Xenophilius the Acrobat (Felid Fire Elementalist) Turns: 114788, Time: 11:09:06

Health: 138/138    AC:  3    Str:  6    XL:     27
Magic:  37/37      EV: 38    Int: 23    God:    Elyvilon [*****.]
Gold:   176        SH:  0    Dex: 19    Spells: 1/54 levels left
                                        Lives:  2   Deaths: 0

rFire    . . .     SeeInvis +     - Unarmed
rCold    + + +     Gourm    .   (shield unavailable)
rNeg     . . .     Faith    .   (armour unavailable)
rPois    .         Spirit   +   (helmet unavailable)
rElec    .         Reflect  .   (cloak unavailable)
rCorr    .         Harm     .   (gloves unavailable)
MR       +++++                  (boots unavailable)
Stlth    +.........             G - amulet of guardian spirit
HPRegen  0.33/turn              U - ring of the Cast Vote {rC+ Slay+5, =R}
MPRegen  0.25/turn              (no ring)

@: glowing, deflect missiles, quick
A: very small, no armour, no weapons or thrown items, stealth, claws 1, fangs 3,
see invisible, blink, carnivore, cold resistance 1, deterioration 2, speed 1,
low mp 1, magic resistance 1, shaggy fur 3, slow metabolism 1, weak 1, sharp
paws
0: Orb of Zot
}: 3/15 runes: decaying, serpentine, abyssal
a: Blink, Lesser Healing, Heal Other, Purification, Greater Healing, Divine
Vigour, Divine Protection, Renounce Religion


You escaped.
You worshipped Elyvilon.
Elyvilon was extremely pleased with you.
You were hungry.

You visited 10 branches of the dungeon, and saw 49 of its levels.
You visited the Abyss 1 time.
You visited 1 bazaar.
You also visited: Sewer, Ice Cave and Volcano.

You collected 9139 gold pieces.
You spent 8963 gold pieces at shops.

Inventory:

Jewellery
 d - an uncursed ring of resist corrosion
 l - a +5 ring of protection
 m - the ring "Wamotrij" {+Inv MR+ SInv Stlth+}
   (You bought it in a shop in a bazaar)

   [ring of see invisible]

   It affects your resistance to hostile enchantments.
   It lets you see invisible.
   It lets you turn invisible.
   It makes you more stealthy.
 q - an uncursed ring of wizardry
 F - the ring "Heguh" {Fire rElec SInv}
   (You found it in an ice cave)

   [ring of fire]

   It enhances your fire magic.
   It protects you from fire.
   It makes you vulnerable to cold.
   It insulates you from electricity.
   It lets you see invisible.
 G - an amulet of guardian spirit (around neck)
 I - an uncursed ring of flight
 J - the ring of Dishonour {rN+ MR+ EV+3}
   (You acquired it on level 1 of the Elven Halls)

   [ring of evasion]

   It affects your evasion (+3).
   It protects you from negative energy.
   It affects your resistance to hostile enchantments.
 K - the ring of Pawiph {rPois rC+ rN+ MR+}
   (You took it off a deep elf master archer on level 3 of the Elven Halls)

   [ring of protection from cold]

   It protects you from cold.
   It protects you from poison.
   It protects you from negative energy.
   It affects your resistance to hostile enchantments.
 U - the ring of the Cast Vote (left paw) {rC+ Slay+5, =R}
   (You acquired it on level 1 of the Swamp)

   [ring of slaying]

   It affects your accuracy and damage with ranged weapons and melee attacks
   (+5).
   It protects you from cold.
 X - the ring of Xom's Generosity {-Tele +Inv rF+ Str+3 Int+5}
   (You took it off a deep elf death mage on level 3 of the Elven Halls)

   [ring of strength]

   It affects your strength (+3).
   It affects your intelligence (+5).
   It protects you from fire.
   It lets you turn invisible.
   It prevents most forms of teleportation.
Wands
 a - a wand of scattershot (2)
 o - a wand of iceblast (95)
 v - a wand of enslavement (5)
 x - a wand of digging (23)
 L - a wand of disintegration (50)
 O - a wand of polymorph (18)
 P - a wand of paralysis (62)
 T - a wand of acid (25)
Scrolls
 f - 14 scrolls of teleportation
 i - 7 scrolls of fog
 j - 9 scrolls of immolation
 n - 13 scrolls of fear
 s - 14 scrolls of remove curse
 t - 6 scrolls of amnesia
 B - 3 scrolls of silence
 D - a scroll of magic mapping
 E - 10 scrolls of blinking
 H - 6 scrolls of summoning
 N - 5 scrolls of vulnerability
 V - 27 scrolls of identify
 Y - a scroll of holy word
Potions
 c - 16 potions of heal wounds
 e - 3 potions of might
 g - 9 potions of flight
 h - 10 potions of invisibility
 p - 8 potions of brilliance
 r - 21 potions of curing
 u - 4 potions of berserk rage
 w - 12 potions of lignification
 z - 5 potions of resistance
 A - 4 potions of agility
 C - 5 potions of haste
 M - 9 potions of mutation
 W - 3 potions of magic
Miscellaneous
 k - a lamp of fire
 y - a lightning rod (4/4)
 Q - 2 boxes of beasts
 R - a fan of gales
 S - 3 sacks of spiders
Comestibles
 b - 88 rations


   Skills:
 + Level 21.7 Fighting
 + Level 22.6 Dodging
 + Level 19.1 Stealth
 * Level 20.6 Unarmed Combat
 - Level 14.0 Spellcasting
 - Level 8.0 Conjurations
 - Level 13.0 Hexes
 - Level 13.0 Charms
 - Level 5.0 Summonings
 - Level 7.0 Translocations
 - Level 13.0 Transmutations
 - Level 8.0 Fire Magic
 - Level 10.0 Air Magic
 - Level 11.0 Earth Magic
 + Level 19.0 Invocations
 - Level 5.0 Evocations


You had one spell level left.
You knew the following spells:

 Your Spells              Type           Power        Failure   Level  Hunger
b - Lesser Beckoning      Tloc           #####.....   1%          3    None
f - Conjure Flame         Conj/Fire      ######..     1%          3    None
m - Bolt of Magma         Conj/Fire/Erth ######....   2%          5    ###....
p - Petrify               Tmut/Erth      ######..     1%          4    None
w - Passwall              Tmut/Erth      ######..     1%          2    None
B - Blink                 Tloc           N/A          1%          2    None
D - Darkness              Hex            ######....   2%          6    #####..
F - Cause Fear            Hex            ######....   1%          4    None
I - Silence               Hex/Air        ######....   1%          5    ###....
M - Deflect Missiles      Chrm/Air       ######....   4%          6    #####..
S - Statue Form           Tmut/Erth      ######...    4%          6    #####..
V - Summon Mana Viper     Hex/Summ       ######..     2%          5    ###....
W - Swiftness             Chrm/Air       ######..     1%          2    None

Your spell library contained the following spells:

 Spells                   Type           Power        Failure   Level  Hunger
 Apportation              Tloc           #####.       1%          1    None
 Beastly Appendage        Tmut           ######       1%          1    None
 Confusing Touch          Hex            ######       1%          1    None
 Corona                   Hex            ######.      1%          1    None
 Flame Tongue             Conj/Fire      #####        1%          1    None
 Magic Dart               Conj           ####         1%          1    None
 Sandblast                Erth           ######       1%          1    None
 Shock                    Conj/Air       ####         1%          1    None
 Sting                    Conj/Pois      ####         1%          1    None
 Summon Butterflies       Summ           #####...     1%          1    None
 Call Imp                 Summ           #####...     1%          2    None
 Ensorcelled Hibernation  Hex/Ice        #####.       1%          2    None
 Poisonous Vapours        Pois/Air       #####.       1%          2    None
 Searing Ray              Conj           ######       1%          2    None
 Slow                     Hex            ######..     1%          2    None
 Sticks to Snakes         Tmut           ######..     1%          2    None
 Throw Flame              Conj/Fire      ######       1%          2    None
 Confuse                  Hex            ######..     1%          3    None
 Dazzling Spray           Conj/Hex       ######       1%          3    None
 Gell's Gravitas          Tloc           #####.....   1%          3    None
 Ignite Poison            Fire/Tmut/Pois #####...     1%          3    None
 Inner Flame              Hex/Fire       ######..     1%          3    None
 Mephitic Cloud           Conj/Pois/Air  #####...     1%          3    None
 Recall                   Summ/Tloc      N/A          1%          3    None
 Spider Form              Tmut/Pois      #####.....   1%          3    None
 Static Discharge         Conj/Air       ######..     1%          3    None
 Stone Arrow              Conj/Erth      ######       1%          3    None
 Tukima's Dance           Hex            ######..     1%          3    None
 Airstrike                Air            ######....   1%          4    None
 Force Lance              Conj/Tloc      ######..     1%          4    None
 Fulminant Prism          Conj/Hex       ######....   1%          4    None
 Iskenderun's Mystic Bla  Conj           ######..     1%          4    None
 Leda's Liquefaction      Hex/Erth       ######....   1%          4    None
 Sticky Flame             Conj/Fire      ######..     1%          4    None
 Summon Lightning Spire   Summ/Air       ######..     1%          4    None
 Blade Hands              Tmut           ######....   1%          5    ###....
 Irradiate                Conj/Tmut      ######....   1%          5    ###....
 Iskenderun's Battlesphe  Conj/Chrm      ######..     1%          5    ###....
 Lee's Rapid Deconstruct  Erth           ######....   1%          5    ###....
 Yara's Violent Unravell  Hex/Tmut       ######....   1%          5    ###....
 Ice Form                 Ice/Tmut       #####...     2%          4    None
 Lightning Bolt           Conj/Air       ######....   2%          5    ###....
 Hydra Form               Tmut           ######....   2%          6    #####..
 Invisibility             Hex            ######..     2%          6    #####..
 Fireball                 Conj/Fire      ######....   3%          5    ###....
 Corpse Rot               Necr           N/A          5%          2    None
 Sublimation of Blood     Necr           ###.......   5%          2    None
 Alistair's Intoxication  Tmut/Pois      #####...     7%          5    ###....
 Metabolic Englaciation   Hex/Ice        #####.....   7%          5    ###....
 Borgnjor's Vile Clutch   Necr/Erth      #####.....   11%         5    ###....
 Iron Shot                Conj/Erth      ######....   12%         6    #####..
 Summon Demon             Summ           #####.....   13%         5    ###....
 Conjure Ball Lightning   Conj/Air       ######....   14%         6    #####..
 Dragon Form              Tmut           ######....   16%         7    ######.
 Bolt of Draining         Conj/Necr      ####......   21%         5    ###....
 Venom Bolt               Conj/Pois      ####......   21%         5    ###....
 Animate Dead             Necr           N/A          36%         4    None
 Olgreb's Toxic Radiance  Pois           ###.....     36%         4    None
 Ring of Flames           Chrm/Fire      ######....   38%         7    ######.
 Freezing Cloud           Conj/Ice/Air   #####.....   43%         6    #####..
 Shadow Creatures         Summ           N/A          58%         6    #####..
 Agony                    Necr           ###.....     71%         5    ###....
 Dispel Undead            Necr           ###.....     71%         5    ###....
 Orb of Destruction       Conj           ######....   75%         7    ######.
 Discord                  Hex            ######....   75%         8    #######
 Spellforged Servitor     Conj/Summ      #####.....   91%         7    ######.
 Death Channel            Necr           ###.......   99%         6    #####..
 Simulacrum               Ice/Necr       ###.......   99%         6    #####..
 Haunt                    Necr/Summ      ####......   100%        7    ######.
 Borgnjor's Revivificati  Necr           ###.......   100%        8    #######
 Death's Door             Chrm/Necr      #####.....   100%        8    #######
 Infestation              Necr           ###.......   100%        8    #######
 Necromutation            Tmut/Necr      #####.....   100%        8    #######
 Shatter                  Erth           ######....   100%        9    #######
 Tornado                  Air            ######....   100%        9    #######
 Portal Projectile        Hex/Tloc       Unusable     N/A         3    N/A
 Excruciating Wounds      Chrm/Necr      Unusable     N/A         5    N/A

Dungeon Overview and Level Annotations

Branches:
Dungeon (15/15)            Temple (1/1) D:4            Lair (6/6) D:8
  Swamp (4/4) Lair:2        Snake (4/4) Lair:4        Slime (0/5) Lair:6
    Orc (2/2) D:9             Elf (3/3) Orc:2        Vaults (4/5) D:14
  Crypt (0/3) Vaults:2     Depths (5/5) D:15            Zot (5/5) Depths:5

Altars:
Ashenzari
Cheibriados
Dithmenos
Elyvilon
Fedhas
Gozag
Hepliaklqana
Kikubaaqudgha
Makhleb
Nemelex Xobeh
Okawaru
Qazlal
Ru
Sif Muna
Trog
Uskayaw
Vehumet
Wu Jian
Xom
Yredelemnul
Zin
The Shining One
Beogh
Jiyva

Shops:
D:4 ?   D:5 }   D:10 *   D:11 [   Orc:2 *}%(   Elf:1 *?   Vaults:2 ?
Depths:1 *   Depths:3 (*   Depths:4 *:%[*

Portals:
Hell: Depths:1 Depths:2 Depths:3 Depths:4 Depths:5
Abyss: Depths:1 Depths:4
Pandemonium: Orc:2 Depths:3 Depths:4
Ziggurat: Depths:3

Annotations:
Elf:2 3 runed translucent doors


Innate Abilities, Weirdness & Mutations

You cannot wear armour.
You are incapable of wielding weapons or throwing items.
Your paws allow you to move quietly. (Stealth)
You have sharp claws.
You have razor-sharp teeth.
You have supernaturally acute eyesight. (SInv)
You are carnivorous and can eat meat at any time.
You cover ground quickly.
Your thick and shaggy fur keeps you warm. (AC +3, rC+)
You have a slow metabolism.
Your sharp claws are effective at attacking unaware monsters.
You can translocate small distances at will.
Your flesh is cold resistant. (rC+)
Your body often deteriorates upon taking damage.
Your magical capacity is low. (-10% MP)
You are resistant to hostile enchantments. (MR+)
You are weak. (Str -2)


Message History

Where to? (Enter - D:1 @ (x,y), ? - help)
What level of the Dungeon? (default 1, ? - help)
There is a stone staircase leading up here.
You climb upwards.
There is a stone staircase leading down here.
There is a stone staircase leading up here.
You climb upwards.
There is a stone staircase leading down here.
There is an open door here.
You open the door.
A cherub and a seraph come into view.
The seraph is wielding a +5 great sword of flaming.
The cherub is wielding a +2 scimitar of flaming.
The seraph moves out of view.
The cherub moves out of view.
There is an open door here.
There is an open door here.
You close the door.
There is a staircase leading out of the dungeon here.
The seraph shouts a warning to its allies!
You hear a roar.
You have escaped!

############## #### .............#
##...
.............################....
.................................
............................รท....
.....................#.#######...
.##...........#####......#####...
....##.>####..#...###........#...
###.##..# #..#.@.'.###..........
#..#..# #..#)..#A..###......##
##.#..####..#...#.#.#.##..#..##
#......##..#####'#..####.....#
###..#........#..[#....##.....
#..####.AA..'....#.####..... #..#
#.....#..#.#..#.##.... ##..#
#..#####'#....#..##... #...#
#..#.[.#....#..#.##...


You could see a seraph.

Vanquished Creatures
  7 ancient liches (Zot:5)
  3 orbs of fire
  Frederick (Vaults:4)
  3 Killer Klowns (Zot:5)
  7 curse toes
  Margery (Vaults:4)
  Vashnia (Snake:2)
  Saint Roka (Vaults:3)
  Xtahua (Vaults:4)
  16 caustic shrikes
  14 golden dragons
  Nikola (Swamp:1)
  the Enchantress (Depths:2)
  6 electric golems
  2 bone dragons (Depths:5)
  A hellephant (Abyss:3)
  5 tentacled monstrosities
  25 Orb Guardians (Zot:5)
  3 liches
  4 deep elf blademasters
  5 deep elf master archers
  A titan (Depths:3)
  3 quicksilver dragons
  Frances (Lair:2)
  17 death cobs
  A thorn hunter (Swamp:3)
  6 tentacled starspawn (Abyss:3)
  A sphinx (shapeshifter) (Depths:2)
  14 storm dragons
  6 shadow dragons
  Kirke (Swamp:2)
  8 sphinxes
  Roxanne (Swamp:1)
  8 nagarajas
  An azure jelly (shapeshifter) (Depths:2)
  5 draconian monks
  6 tengu reavers
  Donald (Elf:1)
  4 draconian knights
  A ghost moth (shapeshifter) (Vaults:2)
  11 fire giants
  A cacodemon (Abyss:3)
  15 deep elf sorcerers
  8 vault wardens
  10 frost giants
  6 draconian scorchers
  2 orc warlords
  Aizul (Snake:4)
  5 iron dragons
  3 ghost moths
  2 angels
  3 draconian stormcallers
  2 draconian shifters
  A balrug (Depths:3)
  Louise (Swamp:4)
  A juggernaut zombie (D:15)
  13 ironheart preservers
  2 draconian annihilators
  7 deep elf elementalists
  A reaper (Abyss:1)
  6 spriggan defenders
  36 very ugly things
  A war gargoyle (Depths:2)
  An entropy weaver (Vaults:4)
  2 ophanim (Abyss:3)
  Azrael (Elf:1)
  A vampire knight (Depths:3)
  18 stone giants
  8 green draconians
  7 black draconians
  8 purple draconians
  7 deep elf demonologists
  14 white draconians
  7 deep elf annihilators
  8 spark wasps
  10 red draconians
  7 yellow draconians
  13 ettins
  2 green deaths (Abyss:3)
  2 crystal guardians (Depths:2)
  12 deep elf death magi
  A fire dragon (shapeshifter) (Depths:2)
  12 fire dragons
  10 yaktaur captains
  6 deep elf high priests
  6 great orbs of eyes
  Harold (Lair:1)
  Josephine (Lair:5)
  7 rakshasas
  9 ogre magi
  23 hydras
  10 vault guards
  13 ice dragons
  An ice dragon (shapeshifter) (Depths:2)
  Erolcha (D:10)
  11 centaur warriors
  2 juggernaut simulacra
  A monstrous demonspawn (Depths:4)
  An anaconda (shapeshifter) (Vaults:1)
  13 naga warriors
  A merfolk avatar (Lair:6)
  22 two-headed ogres
  A death knight (D:12)
  4 shambling mangroves
  6 spriggan air magi
  13 anacondas
  A queen ant (shapeshifter) (Depths:2)
  2 deep troll shamans
  19 dancing weapons
  3 death yaks
  9 tengu warriors
  An alligator (shapeshifter) (Vaults:2)
  A satyr (Abyss:3)
  14 alligators
  17 thrashing horrors
  7 spriggan berserkers
  21 naga sharpshooters
  7 deep troll earth magi
  Urug (D:10)
  23 deep elf knights
  9 hell knights
  5 shock serpents
  A sun demon (Orc:2)
  2 vampire magi
  The ghost of Shinnjin the Spear-Bearer, a novice HOFi of Beogh (D:7)
  6 skeletal warriors
  8 orc high priests
  6 wretched stars
  5 sea snakes
  A fire crab (shapeshifter) (Vaults:2)
  A shadow wraith (Abyss:3)
  A spriggan druid (Swamp:3)
  3 infernal demonspawn (Orc:2)
  A death drake (shapeshifter) (Depths:2)
  5 sixfirhies
  2 flayed ghosts
  2 cherubim (Abyss:3)
  4 iron trolls
  4 unseen horrors
  A glowing orange brain (shapeshifter) (Depths:5)
  2 spatial maelstroms (Abyss:3)
  22 deep elf archers
  7 glowing orange brains
  An obsidian statue (Zot:5)
  A deep troll (shapeshifter) (Depths:2)
  22 deep trolls
  8 naga ritualists
  10 swamp dragons
  A tengu zombie (Vaults:2)
  10 necromancers
  A wolf spider zombie (D:14)
  13 ironbrand convokers
  2 lindwurms (shapeshifter)
  17 orc knights
  4 mana vipers
  An orb spider (shapeshifter) (Vaults:2)
  11 harpies
  3 wolf spiders
  51 ugly things
  A salamander (shapeshifter) (Vaults:3)
  2 manticores
  12 orc sorcerers
  A salamander (Snake:1)
  2 oklob plants (Lair:2)
  A worldbinder (Abyss:3)
  56 deep elf magi
  A moth of wrath (shapeshifter) (Depths:2)
  A fire giant zombie (Depths:3)
  7 cyclopes
  17 moths of wrath
  An elephant (shapeshifter) (Depths:5)
  2 ice statues (IceCv)
  2 rust devils
  4 centaur zombies
  15 vault sentinels
  11 elephants
  An eye of devastation (Vaults:2)
  Maurice (Orc:2)
  9 apocalypse crabs
  2 guardian serpents
  33 black mambas
  6 smoke demons (Abyss:3)
  17 spiny frogs
  A yaktaur zombie (Vaults:2)
  26 naga magi
  A fire giant skeleton (Depths:3)
  A gargoyle (D:13)
  A hellion (Abyss:3)
  A guardian serpent (shapeshifter) (Depths:2)
  A dire elephant skeleton (Abyss:3)
  5 orange demons
  11 rime drakes
  9 freezing wraiths
  3 efreet
  50 yaktaurs
  A tormentor (Depths:4)
  10 komodo dragons
  An anaconda simulacrum (Depths:2)
  8 ancient zymes
  4 hellwings
  A guardian mummy (D:15)
  2 ice devils
  2 yaktaur skeletons (D:15)
  2 red devils (Depths:3)
  3 tengu conjurers
  A wind drake (Lair:6)
  21 hornets
  5 polar bears
  A hydra zombie (Abyss:3)
  3 meliai (D:13)
  8 trolls
  9 tyrant leeches
  21 large abominations
  24 slime creatures
  A slime creature (shapeshifter) (Vaults:2)
  4 dream sheep (Lair:6)
  A hydra skeleton (Abyss:3)
  An ice dragon zombie (D:15)
  7 raiju
  A fire giant simulacrum (Abyss:3)
  A human simulacrum (Vaults:3)
  10 hippogriffs
  6 blink frogs
  A frost giant simulacrum (Depths:3)
  7 bog bodies
  An ice dragon skeleton (Abyss:3)
  3 air elementals
  4 flying skulls (Abyss:3)
  An ettin skeleton (Abyss:3)
  A redback (shapeshifter) (Elf:3)
  10 spriggans
  5 shadows
  10 starcursed masses
  10 water elementals
  4 ynoxinuls
  A human (D:11)
  A hungry ghost (D:15)
  7 wyverns
  4 fire elementals
  2 basilisks
  31 yaks
  5 wraiths
  A human (shapeshifter) (Abyss:3)
  8 fire bats
  A yaktaur simulacrum (Vaults:1)
  2 neqoxecs (Abyss:3)
  Grum (D:10)
  18 vampire mosquitoes
  3 chaos spawn (Abyss:3)
  3 spatial vortices (Abyss:3)
  A harpy simulacrum (Depths:2)
  11 insubstantial wisps (Swamp:3)
  4 wargs
  11 swamp worms
  32 nagas
  A soldier ant (shapeshifter) (Elf:2)
  An acid dragon (shapeshifter) (Depths:4)
  A floating eye (Depths:4)
  Duvessa (D:6)
  4 acid dragons
  20 water moccasins
  A deep troll skeleton (Vaults:2)
  2 hell hounds (D:9)
  15 swamp drakes
  A meliai simulacrum (D:15)
  A floating eye (shapeshifter) (Depths:2)
  24 ice beasts
  4 sky beasts
  6 porcupines
  A fire dragon simulacrum (Abyss:3)
  46 orc warriors
  A black bear (shapeshifter) (Depths:3)
  An eye of draining (Abyss:3)
  A sky beast (shapeshifter) (Abyss:3)
  3 black bears
  An eye of draining (shapeshifter) (Depths:3)
  34 ogres
  11 wolves
  27 centaurs
  10 boggarts
  A wolf (shapeshifter) (Depths:2)
  18 crocodiles
  14 small abominations
  11 bullfrogs
  A wyvern zombie (D:14)
  7 earth elementals
  Dowan (D:6)
  A scorpion (D:12)
  9 killer bees
  An elf simulacrum (Vaults:2)
  13 wights
  2 electric eels
  A spectral bullfrog (D:7)
  10 crimson imps
  3 quasits (Abyss:3)
  4 hounds
  3 jellies
  27 orc priests
  2 bullfrog skeletons
  2 iron imps (Abyss:3)
  21 orc wizards
  5 centaur skeletons
  2 iguanas
  12 worker ants
  A lightning spire (Zot:2)
  3 hell rats (Lair:5)
  A bullfrog simulacrum (D:7)
  A hound skeleton (D:7)
  A worker ant zombie (D:6)
  4 gnolls (D:8)
  4 river rats (Lair:5)
  25 adders
  3 shadow imps
  3 white imps
  A howler monkey simulacrum (D:7)
  A worker ant simulacrum (D:7)
  An ufetubus (Abyss:3)
  2 oozes
  3 adder skeletons
  2 adder zombies
  3 worms
  A dart slug (D:1)
  6 leopard geckos
  94 orcs
  11 ball pythons
  3 giant cockroaches (D:3)
  8 goblins
  14 hobgoblins
  11 jackals
  7 kobolds
  3 quokkas
  3 bats
  3 frilled lizards
  A kobold zombie (Abyss:3)
  A leopard gecko skeleton (D:8)
  4 quokka skeletons
  11 rats
  A fire vortex (Zot:2)
  A lurking horror (Abyss:3)
  A plant (Lair:2)
  5 starspawn tentacles (Abyss:3)
  A withered plant (D:5)
2333 creatures vanquished.

Vanquished Creatures (others)
  A deep elf knight (Elf:1)
  A deep elf mage (Elf:1)
  2 black mambas (Snake:4)
  2 yaktaurs (Vaults:4)
  2 golden eyes (Abyss:3)
  2 humans (Swamp:2)
  A soldier ant (shapeshifter) (Depths:4)
  An eye of draining (Abyss:3)
  A small abomination (Abyss:3)
  A fire vortex (Abyss:3)
  13 fungi (Lair:6)
  2 lurking horrors (Abyss:3)
  17 plants (Lair:6)
  26 starspawn tentacles (Abyss:3)
  A withered plant (D:15)
73 creatures vanquished.

Grand Total: 2406 creatures vanquished

Notes
Turn   | Place    | Note
-------+----------+-------------------------------------------
     0 | D:1      | Xenophilius the Felid Fire Elementalist began the quest for
                  | the Orb.
     0 | D:1      | Reached XP level 1. HP: 7/7 MP: 4/4
   279 | D:1      | Reached skill level 1 in Conjurations
   847 | D:2      | Reached XP level 2. HP: 11/11 MP: 1/6
  1026 | D:2      | Found a hazy altar of Hepliaklqana.
  1669 | D:2      | Reached XP level 3. HP: 8/14 MP: 3/7
  2106 | D:3      | Noticed a bullfrog
  2340 | D:3      | Found a glowing drain.
  2401 | D:3      | Reached XP level 4. HP: 14/18 MP: 4/8
  2453 | Sewer    | Entered a sewer
  2537 | Sewer    | Noticed a crocodile
  2543 | Sewer    | Learned a level 3 spell: Conjure Flame
  2598 | Sewer    | Killed a crocodile
  2598 | Sewer    | Reached XP level 5. HP: 21/21 MP: 6/10
  2739 | D:3      | Learned a level 4 spell: Sticky Flame
  4120 | D:4      | Gained mutation: You are covered in thick fur. (AC +2)
                  | [Felid growth]
  4120 | D:4      | Reached XP level 6. HP: 24/24 MP: 7/11
  4242 | D:4      | Found a staircase to the Ecumenical Temple.
  4250 | Temple   | Entered the Ecumenical Temple
  4367 | Temple   | Became a worshipper of Elyvilon the Healer
  4958 | D:4      | Found Wufrag's Magic Scroll Emporium.
  5030 | D:4      | Bought a scroll of identify for 26 gold pieces
  5030 | D:4      | Bought a scroll of noise for 13 gold pieces
  5030 | D:4      | Bought a scroll of magic mapping for 45 gold pieces
  5687 | D:5      | Entered Level 5 of the Dungeon
  5728 | D:5      | Found an ancient bone altar of Kikubaaqudgha.
  5968 | D:5      | Reached skill level 1 in Fighting
  6118 | D:5      | Reached XP level 7. HP: 28/28 MP: 3/12
  6310 | D:5      | Reached skill level 5 in Stealth
  6388 | D:5      | Reached * piety under Elyvilon
  6680 | D:5      | Found a deep blue altar of Sif Muna.
  6706 | D:5      | Found Zob Haum's Gadget Shoppe.
  7483 | D:6      | Reached skill level 5 in Fire Magic
  7585 | D:6      | Noticed a hippogriff
  7585 | D:6      | Noticed Dowan
  7585 | D:6      | Noticed Duvessa
  7702 | D:6      | Killed Duvessa
  7702 | D:6      | Reached skill level 1 in Invocations
  7828 | D:6      | Reached ** piety under Elyvilon
  7987 | D:6      | Found a stormy altar of Qazlal.
  8497 | D:6      | Killed a hippogriff
  8497 | D:6      | Reached XP level 8. HP: 34/34 MP: 2/14
  8662 | D:6      | Killed Dowan
  9030 | D:7      | Reached skill level 5 in Conjurations
  9159 | D:7      | Found a runed translucent gate.
  9159 | D:7      | Found a runed translucent gate.
  9168 | D:7      | Found a runed translucent gate.
  9168 | D:7      | Noticed Shinnjin's ghost (novice HOFi)
  9182 | D:7      | Reached *** piety under Elyvilon
  9676 | D:7      | Found a shadowy altar of Dithmenos.
  9685 | D:7      | Found a sacrificial altar of Ru.
 10740 | D:8      | Reached XP level 9. HP: 35/38 MP: 6/16
 11134 | D:8      | Found a glowing silver altar of Zin.
 11261 | D:8      | Found a staircase to the Lair.
 11758 | D:9      | Found an opulent altar of Gozag.
 12020 | D:9      | Reached **** piety under Elyvilon
 12051 | D:9      | Reached skill level 3 in Dodging
 12320 | D:9      | Found a transporter.
 12348 | D:9      | Noticed a cyan ugly thing
 12360 | D:9      | Killed a cyan ugly thing
 12487 | D:9      | Found a staircase to the Orcish Mines.
 12513 | D:9      | Reached skill level 5 in Spellcasting
 12657 | D:9      | Learned a level 2 spell: Blink
 12659 | D:9      | Learned a level 1 spell: Magic Dart
 12663 | D:9      | Learned a level 3 spell: Mephitic Cloud
 12801 | D:9      | Found a transporter.
 12846 | D:9      | Reached skill level 4 in Dodging
 12945 | D:9      | Found a blossoming altar of Fedhas.
 12945 | D:9      | Found a shimmering altar of Xom.
 12952 | D:9      | Found an iron altar of Okawaru.
 13001 | D:9      | Found a hide-covered altar of Uskayaw.
 13005 | D:9      | Found a glowing golden altar of the Shining One.
 13458 | D:10     | Entered Level 10 of the Dungeon
 13464 | D:10     | Noticed Grum
 13469 | D:10     | Killed Grum
 13469 | D:10     | Reached XP level 10. HP: 43/43 MP: 11/18
 13478 | D:10     | Reached skill level 1 in Air Magic
 13824 | D:10     | Found Fuenn's Assorted Antiques.
 13875 | D:10     | Bought a large wooden ring for 130 gold pieces
 13875 | D:10     | Bought a scroll of identify for 52 gold pieces
 13875 | D:10     | Bought a scroll of identify for 52 gold pieces
 13875 | D:10     | Bought a scroll of fog for 52 gold pieces
 13883 | D:10     | You fall into a shaft and drop 2 floors!
 13883 | D:12     | Noticed a brown ugly thing
 13889 | D:12     | Reached ***** piety under Elyvilon
 13891 | D:12     | Noticed a two-headed ogre
 14078 | D:12     | Noticed a skeletal warrior
 14082 | D:12     | Noticed a six-headed hydra
 14257 | D:11     | Found an iron altar of Okawaru.
 14280 | D:11     | Found Nadoib's Antique Armour Shoppe.
 14530 | D:10     | Noticed Erolcha
 14758 | D:10     | Noticed Urug
 15863 | D:11     | Reached skill level 5 in Dodging
 15976 | D:11     | Reached skill level 1 in Unarmed Combat
 16112 | D:11     | Noticed a cyclops
 16139 | D:11     | Noticed a two-headed ogre
 16964 | D:11     | Reached skill level 5 in Fighting
 17148 | D:11     | Killed a two-headed ogre
 17374 | Lair:1   | Entered Level 1 of the Lair of Beasts
 17395 | Lair:1   | Reached XP level 11. HP: 47/47 MP: 16/20
 17494 | Lair:1   | Found a dark tunnel.
 17616 | Lair:1   | Learned a level 1 spell: Sandblast
 17721 | Volcano  | Entered a volcano
 17751 | Volcano  | Noticed a red draconian
 17851 | Lair:1   | Reached skill level 1 in Earth Magic
 17863 | Lair:1   | Reached skill level 1 in Translocations
 18307 | Lair:1   | Learned a level 2 spell: Passwall
 18400 | Lair:1   | Noticed Harold
 18801 | Lair:2   | Reached skill level 6 in Dodging
 18924 | Lair:2   | Reached skill level 5 in Invocations
 19157 | Lair:2   | Reached skill level 1 in Transmutations
 20249 | Lair:2   | Noticed an oklob plant
 20250 | Lair:2   | Noticed an oklob plant
 20329 | Lair:2   | Found a staircase to the Swamp.
 20608 | Lair:2   | Learned a level 4 spell: Petrify
 21048 | Lair:3   | Reached ****** piety under Elyvilon
 21526 | Lair:3   | Noticed a six-headed hydra
 21538 | Lair:3   | Killed a six-headed hydra
 21633 | Lair:4   | Identified 2 scrolls of acquirement
 21634 | Lair:4   | Got a serpentine lapis lazuli ring
 21636 | Lair:4   | Identified the ring "Earthly Heaven" {+Inv Int+5} (You
                  | acquired it on level 4 of the Lair of Beasts)
 21638 | Lair:4   | Got a pitted steel ring
 21640 | Lair:4   | Identified the ring "Azoffoge" {*Slow rPois Dex+3 SInv
                  | Stlth+} (You acquired it on level 4 of the Lair of Beasts)
 21775 | Lair:4   | Gained mutation: Your thick and shaggy fur keeps you warm.
                  | (AC +3, rC+) [Felid growth]
 21775 | Lair:4   | Reached XP level 12. HP: 49/52 MP: 14/22
 22631 | Lair:4   | Reached skill level 1 in Evocations
 22719 | Lair:4   | Reached skill level 7 in Dodging
 22804 | Lair:4   | Found a staircase to the Snake Pit.
 23628 | Lair:5   | Noticed Josephine
 24360 | Lair:5   | Reached skill level 5 in Unarmed Combat
 24817 | Lair:5   | Noticed a six-headed hydra
 24875 | Lair:5   | Killed a six-headed hydra
 24875 | Lair:5   | Reached skill level 5 in Transmutations
 25595 | Lair:5   | Killed Josephine
 25691 | Lair:6   | Entered Level 6 of the Lair of Beasts
 25737 | Lair:6   | Noticed a death yak
 25737 | Lair:6   | Noticed a death yak
 25787 | Lair:5   | Killed a death yak
 25787 | Lair:5   | Reached skill level 5 in Earth Magic
 25931 | Lair:6   | Noticed a death yak
 25986 | Lair:5   | Killed a death yak
 26719 | Lair:6   | Reached skill level 8 in Dodging
 27311 | Lair:6   | Reached XP level 13. HP: 57/57 MP: 22/24
 27459 | Lair:5   | Reached skill level 10 in Stealth
 29813 | Lair:6   | Reached skill level 9 in Dodging
 29949 | Lair:6   | Found a staircase to the Slime Pits.
 29950 | Lair:6   | Found a viscous altar of Jiyva.
 30763 | Lair:1   | Killed Harold
 30922 | Orc:1    | Entered Level 1 of the Orcish Mines
 31262 | Orc:1    | Reached skill level 5 in Evocations
 31371 | Orc:2    | Entered Level 2 of the Orcish Mines
 31569 | Orc:2    | Found a staircase to the Elven Halls.
 31788 | Orc:1    | Found a roughly hewn altar of Beogh.
 32331 | Orc:2    | Noticed Maurice
 32333 | Orc:2    | Reached XP level 14. HP: 62/62 MP: 25/25
 32345 | Orc:2    | Killed Maurice
 32678 | Orc:2    | Found Mastav's General Store.
 32681 | Orc:2    | Found Rish's Food Shop.
 33341 | Orc:2    | Found a roughly hewn altar of Beogh.
 34229 | Orc:2    | HP: 3/63 [orc knight/bolt (36)]
 35946 | Orc:2    | Reached skill level 10 in Dodging
 36361 | Orc:2    | Learned a level 6 spell: Statue Form
 37047 | Orc:2    | Found Jiboce's Gadget Emporium.
 37047 | Orc:2    | Found Ogufu's Antique Weapon Shoppe.
 37048 | Orc:2    | Found a one-way gate leading to the halls of Pandemonium.
 37054 | Orc:2    | Bought a wand of acid (11) for 390 gold pieces
 37488 | D:7      | Found a shadowy altar of Dithmenos.
 37506 | D:7      | Found a sacrificial altar of Ru.
 37708 | D:10     | Killed Urug
 37829 | D:10     | Killed Erolcha
 37965 | D:11     | Reached skill level 10 in Transmutations
 40700 | D:13     | Reached XP level 15. HP: 67/67 MP: 26/26
 43020 | D:14     | Found a blossoming altar of Fedhas.
 44110 | D:14     | Found a gate to the Vaults.
 44303 | D:15     | Entered Level 15 of the Dungeon
 44410 | D:15     | Found a staircase to the Depths.
 44415 | D:15     | Reached skill level 10 in Earth Magic
 44597 | D:15     | Noticed a frost giant
 44657 | D:15     | Noticed a sphinx
 44696 | D:15     | Paralysed by a sphinx for 3 turns
 44715 | D:15     | Killed a sphinx
 44754 | D:15     | Found a frozen archway.
 44830 | IceCv    | Entered an ice cave
 45551 | IceCv    | Got a faintly glowing iron ring
 45553 | IceCv    | Identified the ring of Xues {AC+2 Dex+3 SInv} (You found it
                  | in an ice cave)
 45561 | IceCv    | Got an ancient silver ring
 45563 | IceCv    | Identified the ring "Heguh" {Fire rElec SInv} (You found it
                  | in an ice cave)
 46268 | D:15     | Reached skill level 10 in Fighting
 46831 | D:15     | Killed a frost giant
 46874 | D:15     | Reached XP level 16. HP: 69/73 MP: 3/29
 47768 | D:7      | Killed Shinnjin's ghost
 47793 | D:7      | Learned a level 5 spell: Lee's Rapid Deconstruction
 47870 | Swamp:1  | Entered Level 1 of the Swamp
 47872 | Swamp:1  | Noticed Frances
 47996 | Lair:2   | Killed Frances
 48437 | Swamp:1  | Identified Roxanne's Compendium of the Rocks
 48437 | Swamp:1  | Noticed Roxanne
 48463 | Swamp:1  | Reached skill level 10 in Invocations
 49674 | Swamp:1  | Got a transparent ivory ring
 49676 | Swamp:1  | Identified the ring of the Cast Vote {rC+ Slay+5} (You
                  | acquired it on level 1 of the Swamp)
 49939 | Swamp:2  | Noticed Nikola
 49965 | Swamp:1  | Killed Nikola
 50131 | Swamp:2  | Noticed Kirke
 50485 | Swamp:2  | Killed Kirke
 52618 | Swamp:4  | Entered Level 4 of the Swamp
 53217 | Swamp:4  | Reached skill level 11 in Dodging
 53256 | Swamp:4  | Noticed Louise
 53334 | Swamp:4  | Noticed a thorn hunter
 53379 | Swamp:3  | Killed a thorn hunter
 54188 | Swamp:4  | Reached XP level 17. HP: 78/78 MP: 17/31
 54330 | Swamp:4  | Got a decaying rune of Zot
 54580 | Snake:1  | Entered Level 1 of the Snake Pit
 56554 | Snake:2  | Found a runed translucent gate.
 56554 | Snake:2  | Found a runed translucent gate.
 56554 | Snake:2  | Found a runed translucent gate.
 57746 | D:10     | Bought a leatherbound book for 390 gold pieces
 58074 | Snake:3  | Reached skill level 12 in Dodging
 58720 | Snake:3  | Reached skill level 10 in Unarmed Combat
 58861 | Snake:3  | Reached skill level 10 in Spellcasting
 59381 | Snake:3  | Learned a level 1 spell: Confusing Touch
 59471 | Snake:4  | Entered Level 4 of the Snake Pit
 59831 | Snake:4  | Reached skill level 1 in Hexes
 60144 | Snake:4  | Noticed Aizul
 60153 | Snake:4  | Killed Aizul
 61205 | Snake:4  | Reached XP level 18. HP: 83/83 MP: 11/33
 62339 | Snake:4  | Reached skill level 13 in Dodging
 63057 | Snake:4  | Got a serpentine rune of Zot
 63851 | Vaults:1 | Entered Level 1 of the Vaults
 66684 | Vaults:1 | Reached skill level 14 in Dodging
 67500 | Vaults:2 | Reached XP level 19. HP: 88/88 MP: 34/34
 68304 | Vaults:2 | Learned a level 5 spell: Silence
 68351 | Vaults:2 | Found Kierak's Magic Scroll Emporium.
 69127 | Vaults:2 | Found a staircase to the Crypt.
 69302 | Vaults:2 | Reached skill level 5 in Hexes
 70834 | Vaults:2 | Reached skill level 5 in Air Magic
 71391 | Vaults:2 | Found the cursed +14 obsidian axe {chop, +Fly SInv *Curse}
 71568 | Vaults:2 | Bought a scroll of fear for 49 gold pieces
 71568 | Vaults:2 | Bought a scroll of teleportation for 42 gold pieces
 71568 | Vaults:2 | Bought a scroll of teleportation for 42 gold pieces
 71568 | Vaults:2 | Bought a scroll of blinking for 105 gold pieces
 71568 | Vaults:2 | Bought a scroll of teleportation for 42 gold pieces
 71741 | Vaults:2 | Reached skill level 15 in Dodging
 71821 | Vaults:3 | Found a flickering gateway to a bazaar.
 71833 | Bazaar   | Entered a bazaar
 71833 | Bazaar   | Found Doiqion's Armour Emporium.
 71833 | Bazaar   | Found Vaintasa's Jewellery Shoppe.
 71833 | Bazaar   | Found Foczoh's General Store.
 71835 | Bazaar   | Found Qokeg's Jewellery Shoppe.
 71846 | Bazaar   | Bought a +5 ring of protection for 605 gold pieces
 71846 | Bazaar   | Bought the ring "Wamotrij" {+Inv MR+ SInv Stlth+} for 411
                  | gold pieces
 71846 | Bazaar   | Bought a cursed amulet of inaccuracy for 22 gold pieces
 71855 | Bazaar   | Bought a scroll of immolation for 59 gold pieces
 71855 | Bazaar   | Bought a scroll of blinking for 127 gold pieces
 71855 | Bazaar   | Bought a scroll of teleportation for 51 gold pieces
 71855 | Bazaar   | Bought a potion of lignification for 51 gold pieces
 71864 | Bazaar   | Bought an uncursed ring of wizardry for 390 gold pieces
 73292 | Vaults:3 | Reached XP level 20. HP: 94/94 MP: 32/35
 73567 | Vaults:3 | Identified the Guide on Entrancing Evil
 73595 | Vaults:3 | Noticed Saint Roka
 73610 | Vaults:3 | Killed Saint Roka
 73610 | Vaults:3 | Reached skill level 10 in Hexes
 74804 | Vaults:4 | Noticed Xtahua
 74817 | Vaults:4 | Noticed Frederick
 74982 | Vaults:4 | Killed Xtahua
 75307 | Vaults:4 | Noticed a golden dragon
 75336 | Vaults:4 | Killed a golden dragon
 76297 | Vaults:4 | Reached skill level 16 in Dodging
 76771 | Vaults:4 | Killed Frederick
 77135 | Vaults:4 | Noticed Margery
 77461 | Vaults:4 | Killed Margery
 77469 | Vaults:4 | Reached XP level 21. HP: 127/128 MP: 26/46
 77885 | Elf:1    | Entered Level 1 of the Elven Halls
 78273 | Elf:1    | Found Riexzimn's Magic Scroll Shoppe.
 78471 | Elf:1    | Noticed Donald
 78490 | Elf:1    | Killed Donald
 78822 | Elf:1    | Found a roughly hewn altar of Beogh.
 78916 | Elf:1    | Found Daetowke's General Store.
 79231 | Elf:1    | Noticed Azrael
 79240 | Elf:1    | Killed Azrael
 79966 | Elf:1    | Found a runed translucent gate.
 79966 | Elf:1    | Found a runed translucent gate.
 79966 | Elf:1    | Found a runed translucent gate.
 79966 | Elf:1    | Found a runed translucent gate.
 79966 | Elf:1    | Found a runed translucent gate.
 79967 | Elf:1    | Found a runed translucent gate.
 80325 | Elf:2    | Found a runed translucent gate.
 80325 | Elf:2    | Found a runed translucent gate.
 80326 | Elf:2    | Found a runed translucent gate.
 80382 | Elf:2    | Reached skill level 15 in Unarmed Combat
 80490 | Elf:2    | Reached skill level 17 in Dodging
 80549 | Elf:2    | Found a runed translucent door.
 80892 | Elf:3    | Entered Level 3 of the Elven Halls
 81252 | Elf:3    | Reached skill level 15 in Fighting
 82749 | Elf:3    | Reached XP level 22. HP: 137/137 MP: 9/49
 83223 | Elf:3    | Identified the +6 spear of Fury {drain, MP+9 Str+2 Int+5}
 83312 | Elf:3    | Reached skill level 15 in Invocations
 83555 | Elf:3    | Identified the ring of Pawiph {rPois rC+ rN+ MR+}
 83875 | Elf:3    | Identified the ring of Xom's Generosity {-Tele +Inv rF+
                  | Str+3 Int+5}
 83934 | Elf:3    | Identified the +3 ring mail of a Gauntlet {+Fly MR++ Dex-5
                  | SInv}
 84178 | Elf:3    | Identified the Handbook of Flight and Transmigration
 84729 | Elf:3    | Learned a level 6 spell: Darkness
 84737 | Elf:3    | Learned a level 4 spell: Cause Fear
 84744 | Elf:3    | Learned a level 5 spell: Bolt of Magma
 85047 | Snake:2  | Noticed Vashnia
 85294 | Snake:2  | Killed Vashnia
 85413 | Swamp:1  | Killed Roxanne
 85884 | Swamp:4  | Killed Louise
 86241 | Depths:1 | Entered Level 1 of the Depths
 86446 | Depths:1 | Found a one-way gate to the infinite horrors of the Abyss.
 86740 | Depths:1 | Found Veahiw's Mass Market.
 87189 | Depths:1 | Reached skill level 18 in Dodging
 87483 | Depths:1 | Found a gateway to Hell.
 89352 | Depths:2 | Identified the +6 faerie dragon scales {rC- rCorr Str+4
                  | Int+7}
 89352 | Depths:2 | Noticed the Enchantress
 89361 | Depths:2 | Killed the Enchantress
 89372 | Depths:2 | Reached XP level 23. HP: 149/149 MP: 30/52
 89817 | Depths:2 | Paralysed by a floating eye for 2 turns
 90893 | Depths:3 | Found a gateway to a ziggurat.
 91122 | Depths:3 | Found Dudeczif's Assorted Antiques.
 91122 | Depths:3 | Found Annuemuj's Weapon Shoppe.
 91136 | Depths:3 | Bought a hardcover book for 585 gold pieces
 92250 | Depths:3 | Reached skill level 19 in Dodging
 92992 | Depths:3 | Noticed a caustic shrike
 93021 | Depths:3 | Noticed a caustic shrike
 93027 | Depths:3 | Noticed a caustic shrike
 93281 | Depths:3 | Noticed a caustic shrike
 93281 | Depths:3 | Noticed a caustic shrike
 93281 | Depths:3 | Noticed a caustic shrike
 93281 | Depths:3 | Noticed a caustic shrike
 93281 | Depths:3 | Noticed a caustic shrike
 93569 | Depths:3 | Noticed a caustic shrike
 93570 | Depths:3 | Noticed a caustic shrike
 93582 | Depths:3 | Killed a caustic shrike
 93629 | Depths:3 | Noticed a caustic shrike
 93638 | Depths:3 | Killed a caustic shrike
 93638 | Depths:3 | Noticed a caustic shrike
 93638 | Depths:3 | Noticed a caustic shrike
 93835 | Depths:3 | Noticed a caustic shrike
 93851 | Depths:3 | Killed a caustic shrike
 93859 | Depths:3 | Killed a caustic shrike
 93863 | Depths:3 | Killed a caustic shrike
 94137 | Depths:3 | Noticed a caustic shrike
 94143 | Depths:3 | Killed a caustic shrike
 94289 | Depths:3 | Killed a caustic shrike
 94289 | Depths:3 | Reached XP level 24. HP: 107/121 MP: 23/41
 95436 | Depths:3 | Found a gateway to a ziggurat.
 95440 | Depths:3 | Found Dudeczif's Assorted Antiques.
 95442 | Depths:3 | Found Annuemuj's Weapon Shoppe.
 95784 | Depths:3 | Identified the Compendium of Unstable Companions
 95793 | Depths:3 | Learned a level 5 spell: Summon Mana Viper
 95904 | Depths:3 | Reached skill level 1 in Summonings
 96086 | Depths:4 | You fall into a shaft and drop 1 floor!
 96086 | Depths:5 | Entered Level 5 of the Depths
 96310 | Depths:4 | Found Veusm's General Store.
 96324 | Depths:4 | Found Irumuizo's Food Boutique.
 96351 | Depths:4 | Bought a scroll of vulnerability for 75 gold pieces
 96351 | Depths:4 | Bought a potion of curing for 30 gold pieces
 96351 | Depths:4 | Bought a potion of haste for 100 gold pieces
 96351 | Depths:4 | Bought a potion of lignification for 30 gold pieces
 96351 | Depths:4 | Bought a potion of heal wounds for 50 gold pieces
 96534 | Depths:4 | Reached skill level 20 in Dodging
 97067 | Depths:4 | Found an ancient bone altar of Kikubaaqudgha.
 97148 | Depths:4 | Found Hitag's Armour Boutique.
 97185 | Depths:4 | Found Vutinnea's General Store.
 97194 | Depths:4 | Bought a potion of curing for 30 gold pieces
 97194 | Depths:4 | Bought a scroll of teleportation for 30 gold pieces
 97194 | Depths:4 | Bought a wand of paralysis (8) for 100 gold pieces
 97584 | Depths:4 | Reached skill level 5 in Summonings
 97824 | Depths:4 | Found Hoaty's Book Boutique.
 97835 | Depths:4 | Bought a book of the Sky for 1625 gold pieces
 97893 | Depths:4 | Learned a level 6 spell: Deflect Missiles
 98014 | Depths:4 | Reached skill level 1 in Charms
 98901 | Depths:5 | Reached skill level 5 in Charms
 99158 | Depths:5 | Reached XP level 25. HP: 126/126 MP: 23/42
 99748 | Depths:5 | Found a gate to the Realm of Zot.
100009 | Depths:5 | Found a bloodstained altar of Trog.
100365 | Elf:1    | Bought a scroll of teleportation for 51 gold pieces
100365 | Elf:1    | Bought a scroll of summoning for 161 gold pieces
100365 | Elf:1    | Bought a scroll of fear for 59 gold pieces
100365 | Elf:1    | Bought a scroll of blinking for 127 gold pieces
100365 | Elf:1    | Bought a scroll of teleportation for 51 gold pieces
100595 | Depths:1 | Voluntarily entered the Abyss.
100605 | Abyss:1  | Found a transporter.
100610 | Abyss:1  | Found a corrupted altar of Lugonu.
100753 | Abyss:1  | Found a corrupted altar of Lugonu.
100764 | Abyss:1  | Found a corrupted altar of Lugonu.
101146 | Abyss:3  | Found a corrupted altar of Lugonu.
101161 | Abyss:3  | Found a corrupted altar of Lugonu.
101427 | Abyss:3  | Found a corrupted altar of Lugonu.
101440 | Abyss:3  | Found a bloodstained altar of Trog.
101700 | Abyss:3  | Reached skill level 10 in Charms
101794 | Abyss:3  | Gained mutation: You are weak. (Str -2) [a cacodemon]
101906 | Abyss:3  | Paralysed by accursed screaming for 1 turns
102140 | Abyss:3  | Reached skill level 15 in Stealth
102627 | Abyss:3  | Found a glowing golden altar of the Shining One.
102680 | Abyss:3  | Noticed a juggernaut
102688 | Abyss:3  | Got an abyssal rune of Zot
102707 | Abyss:4  | Found a corrupted altar of Lugonu.
102850 | Abyss:4  | Gained mutation: You are dopey. (Int -2) [a neqoxec]
102920 | Depths:1 | Escaped the Abyss
102940 | Depths:1 | Lost mutation: You are very weak. (Str -4) [potion of
                  | mutation]
102940 | Depths:1 | Lost mutation: You are very dopey. (Int -4) [potion of
                  | mutation]
102940 | Depths:1 | Gained mutation: Your flesh is cold resistant. (rC+)
                  | [potion of mutation]
102940 | Depths:1 | Gained mutation: Your body sometimes deteriorates upon
                  | taking damage. [potion of mutation]
102940 | Depths:1 | Gained mutation: You are resistant to electric shocks.
                  | (rElec) [potion of mutation]
103095 | Zot:1    | Entered Level 1 of the Realm of Zot
103887 | Zot:1    | Noticed an orb of fire
104366 | Zot:1    | Reached XP level 26. HP: 131/131 MP: 35/42
104607 | Zot:1    | Killed an orb of fire
104918 | Zot:2    | Gained mutation: Your magical capacity is low. (-10% MP)
                  | [mutagenic glow]
105763 | Zot:2    | Reached skill level 21 in Dodging
105763 | Zot:2    | Reached skill level 10 in Air Magic
109169 | Zot:5    | Entered Level 5 of the Realm of Zot
109223 | Zot:5    | Reached XP level 27. HP: 135/136 MP: 10/37
109314 | Zot:5    | Learned a level 3 spell: Lesser Beckoning
109317 | Zot:5    | Learned a level 2 spell: Swiftness
109949 | Zot:5    | Noticed an ancient lich
109966 | Zot:5    | Killed an ancient lich
110182 | Zot:5    | Noticed an ancient lich
110252 | Zot:5    | Reached skill level 22 in Dodging
110409 | Zot:5    | Noticed an ancient lich
110431 | Zot:5    | Killed an ancient lich
110431 | Zot:5    | Reached skill level 5 in Translocations
110535 | Zot:5    | Noticed an orb of fire
110539 | Zot:5    | Lost mutation: Your body sometimes deteriorates upon taking
                  | damage. [an orb of fire]
110540 | Zot:5    | Gained mutation: Your body sometimes deteriorates upon
                  | taking damage. [an orb of fire]
110543 | Zot:5    | Gained mutation: You are weak. (Str -2) [an orb of fire]
110558 | Zot:5    | Gained mutation: Your body often deteriorates upon taking
                  | damage. [an orb of fire]
110566 | Zot:5    | Killed an orb of fire
110633 | Zot:5    | Lost mutation: You are weak. (Str -2) [potion of mutation]
110633 | Zot:5    | Lost mutation: You are resistant to electric shocks.
                  | (rElec) [potion of mutation]
110633 | Zot:5    | Gained mutation: You can translocate small distances at
                  | will. [potion of mutation]
110633 | Zot:5    | Gained mutation: You are weak. (Str -2) [potion of
                  | mutation]
110633 | Zot:5    | Gained mutation: You are resistant to hostile enchantments.
                  | (MR+) [potion of mutation]
111105 | Zot:5    | Killed an ancient lich
111465 | Zot:5    | Noticed an ancient lich
111476 | Zot:5    | Killed an ancient lich
111761 | Zot:5    | Noticed an ancient lich
111774 | Zot:5    | Killed an ancient lich
112104 | Zot:5    | Noticed an orb of fire
112261 | Zot:5    | Noticed an ancient lich
112279 | Zot:5    | Killed an ancient lich
112325 | Zot:5    | Killed an orb of fire
112364 | Zot:5    | Noticed an ancient lich
112374 | Zot:5    | Killed an ancient lich
112785 | D:5      | Bought a wand of paralysis (9) for 110 gold pieces
112785 | D:5      | Bought a wand of digging (5) for 180 gold pieces
112785 | D:5      | Bought a wand of paralysis (9) for 110 gold pieces
112785 | D:5      | Bought a wand of digging (5) for 180 gold pieces
112785 | D:5      | Bought a box of beasts for 200 gold pieces
112943 | Orc:2    | Bought a sack of spiders for 260 gold pieces
113042 | Elf:1    | Bought a potion of curing for 48 gold pieces
113042 | Elf:1    | Bought a potion of haste for 160 gold pieces
113042 | Elf:1    | Bought a potion of brilliance for 64 gold pieces
113042 | Elf:1    | Bought a ration for 80 gold pieces
113042 | Elf:1    | Bought a sack of spiders for 320 gold pieces
113101 | Elf:1    | Bought a scroll of acquirement for 884 gold pieces
113102 | Elf:1    | Got a sparkling brass ring
113103 | Elf:1    | Identified the ring of Dishonour {rN+ MR+ EV+3} (You
                  | acquired it on level 1 of the Elven Halls)
113379 | Depths:3 | Bought a potion of lignification for 117 gold pieces
114317 | Zot:5    | Got the Orb of Zot
114564 | D:14     | Noticed Ohisy the pandemonium lord
114780 | D:1      | Noticed a seraph
114788 | D:$      | Escaped with the Orb!

Levels and vault maps discovered:
D:1:      arrival_zaba_pyramid, layout_rooms
D:2:      cheibrodos_greedy_goblins, layout_rooms, old_standard_altar
D:3:      layout_rooms, first_ration, portal_sewer_entry_f
D:4:      layout_loops_cross, minmay_temple_entry_statues_fountains,
          serial_shops, shop
D:5:      layout_rooms, marbit_many_paths, kiku_gazebo_garden_becter,
          serial_shops, nicolae_shop_crystal
D:6:      layout_basic, nicolae_qazlal_general_emergency, kennysheep_potato,
          uniq_duvessa
D:7:      layout_basic, old_standard_altar, grunt_dithmenos_smoke,
          gammafunk_ghost_necromancy
D:8:      layout_rooms, dpeg_oklobed_lair, lemuel_tele_altar
D:9:      gammafunk_cloud_chamber, layout_basic, overflow_temple_1_default,
          minitemple, orc_0_dummy
D:10:     layout_basic, serial_shops, shop, uniq_urug, uniq_grum, uniq_erolcha
D:11:     layout_rooms, serial_shops, nicolae_shop_overgrown_old_shop,
          basic_altar, grunt_pizzeria
D:12:     layout_cave_pools
D:13:     layout_long_grid, kennysheep_island_fort
D:14:     layout_long_grid, hangedman_vaults_entry_quadrant_bands,
          fedhas_altar_fruit_tree
D:15:     gammafunk_depths_entry_grave, layout_loops_cross,
          portal_ice_cave_entry_ice_beasts, serial_bayou_shore_a, drop_trap,
          minivault_28
Temple:   compressed_dpeg_circular_temple
Lair:1:   layout_loops_ring, nicolae_volcano_entry_lava_flow, uniq_harold
Lair:2:   layout_misc_corridors, skrybe_swamp_entry_bodies, minivault_26,
          beast_lair_carwin_5, minmay_lair_oklob_chamber, serial_bayou_shore_b
Lair:3:   layout_misc_corridors, cheibrodos_lair_reptile_den, grunt_megastairs_2
Lair:4:   layout_concentric_octagons, minmay_snake_entry_guardpost_medium,
          grunt_megastairs_5, lemuel_fruit_tree
Lair:5:   layout_cave_pods, minmay_hedge_maze, kennysheep_abandoned_house,
          grunt_megastairs_3, uniq_josephine
Lair:6:   gammafunk_lair_ancient_temple, layout_misc_corridors, slime_altar_1
Swamp:1:  layout_basic_swamp, evilmike_swamp_ruin_house_2, swamp_pool2,
          uniq_frances, uniq_roxanne
Swamp:2:  layout_basic_swamp, evilmike_swamp_ruin_house_3,
          nicolae_swamp_round_clearing, uniq_nikola, uniq_kirke
Swamp:3:  layout_basic_swamp, evilmike_swamp_ruin_house_5, swamp_pool1
Swamp:4:  swamp, layout_basic_swamp, uniq_louise
Snake:1:  layout_layer_cave, serial_bayou_shore_b
Snake:2:  layout_chambers, nicolae_snake_horde_hoard, uniq_vashnia
Snake:3:  layout_cave_town, grunt_megastairs_4
Snake:4:  snake_pit, layout_misc_corridors, nicolae_snake_springs, uniq_aizul
Orc:1:    layout_caves, basic_altar
Orc:2:    pf_orc_diabolical, layout_caves, basic_altar, uniq_maurice
Elf:1:    minmay_elf_arrival_plus, layout_geoelf_octagon, special_room
          [special_room_orc], serial_shops, shop, shop, orc_legates,
          uniq_donald, uniq_azrael
Elf:2:    layout_geoelf_grid, minivault_13
Elf:3:    minmay_elf_hall_statues, layout_gridlike
Vaults:1: vaults_dpeg_ring, hangedman_vaults_locks,
          nicolae_vaults_branching_niches, grunt_vaults_funnel, v_alt_pattern_2,
          v_misc_23, v_misc_14, v_misc_27, hangedman_vaults_capsules,
          layout_vaults_chaotic_city
Vaults:2: v_misc_9, st_greater_box_5, vaults_room_door_hall, v_pattern_4,
          ontoclasm_vaults_claustrophobia,
          nicolae_vaults_windows_and_doors_thing, v_misc_13,
          nicolae_vaults_little_squares_4, v_misc_25, vaults_room_pools,
          nicolae_vaults_diagonal_hallway_6, layout_vaults_omnicross,
          serial_shops, shop_fountains
Vaults:3: nicolae_vaults_fighting_squares, hangedman_vaults_trim,
          hangedman_vaults_corner, vaults_room_stairs_pillars,
          ontoclasm_vaults_decontamination, vaults_room_ringed_pool,
          nicolae_vaults_rhombus_5, v_misc_11, v_misc_10, vaults_room_corners,
          layout_vaults_ring, serial_shops, bzr_entry_dummy, uniq_saint_roka
Vaults:4: v_pattern_2, v_misc_16, nicolae_vaults_angled_halls,
          nicolae_vaults_specimen_jars, ontoclasm_vaults_shuriken,
          nicolae_vaults_ninety_degrees, hangedman_vaults_river_flow, v_misc_29,
          ontoclasm_vaults_echo, vaults_mumra_hex, nicolae_vaults_what_the_h,
          nicolae_vaults_circle_grid_a, layout_vaults_omnibox, uniq_xtahua,
          uniq_margery, uniq_frederick
Depths:1: layout_gridlike, abyss_entry, hangedman_abyss_or_decor_slice,
          pf_hell_entry_tar_spiral, minmay_shop_mass, lemuel_flamethrower_hall
Depths:2: hangedman_crystal_crosses_colossus [crystal_crosses_arms_four,
          crystal_crosses_arms_two, crystal_crosses_arms_one,
          crystal_crosses_arms_one], hell_entry, uniq_enchantress
Depths:3: grunt_bent_corner, layout_gridlike, enter_ziggurat_f,
          rand_demon_pan_entry_5, hell_entry, nicolae_lava_and_water,
          minmay_shoptagon
Depths:4: hangedman_cross_cluster, layout_gridlike, hell_entry,
          abyss_entry_small_statue_room, serial_shops, shop, shop,
          shop_fountains, shop, shop, solitary_fountain, rand_demon_pan_entry_4,
          chequers_serial_rivers_marsh, chequers_serial_rivers_small_a
Depths:5: grunt_zot_entry_gee_three, layout_gridlike, pf_coc_iceberg,
          lemuel_statue_altar
Zot:1:    layout_gridville
Zot:2:    gammafunk_mikee_crab_dinner, layout_gridville,
          amethyst_zot_foddershock
Zot:3:    layout_cathedral_of_symmetry
Zot:4:    layout_misc_corridors
Zot:5:    layout_misc_corridors

Skill      XL: |  1  2  3  4  5  6  7  8  9 10 11 12 13 14 15 16 17 18 19 20 21 22 23 24 25 26 27 |
---------------+----------------------------------------------------------------------------------+-----
Conjurations   | 1 2 3 4 5 6 7 8 |  8.0
Stealth        | 3 4 5 6 7 8 9 11 12 13 14 16 17 19 | 19.1
Fire Magic     | 3 4 5 6 7 8 |  8.0
Spellcasting   | 3 4 5 6 7 8 9 10 11 12 13 14 | 14.0
Fighting       | 1 2 3 4 5 6 7 9 10 11 12 13 14 15 18 19 20 21 | 21.7
Invocations    | 1 2 3 4 5 6 7 8 9 10 11 12 13 14 15 16 17 18 19 | 19.0
Dodging        | 4 5 6 8 9 10 11 12 14 15 16 17 18 19 20 21 22 | 22.6
Air Magic      | 3 4 5 7 9 10 | 10.0
Unarmed Combat | 2 4 5 6 8 10 12 13 14 15 16 17 19 20 | 20.6
Earth Magic    | 3 5 7 9 10 11 | 11.0
Translocations | 3 7 |  7.0
Transmutations | 3 6 8 11 12 13 | 13.0
Evocations     | 3 5 |  5.0
Hexes          | 3 9 12 13 | 13.0
Summonings     | 5 |  5.0
Charms         | 6 11 13 | 13.0

Action                   |  1- 3 |  4- 6 |  7- 9 | 10-12 | 13-15 | 16-18 | 19-21 | 22-24 | 25-27 || total
-------------------------+-------+-------+-------+-------+-------+-------+-------+-------+-------++-------
Melee: Unarmed           |    14 |       |   241 |   110 |   582 |  1002 |  1116 |  1040 |  1229 ||  5334
       Bite              |     1 |       |    45 |     9 |    86 |   100 |   110 |   108 |   128 ||   587
       Punch             |       |       |       |     5 |    19 |    45 |    65 |    86 |   107 ||   327
 Cast: Flame Tongue      |    71 |   106 |   275 |   469 |   408 |   103 |    41 |       |       ||  1473
       Conjure Flame     |       |     9 |    34 |    81 |    28 |    38 |    32 |    42 |     6 ||   270
       Sticky Flame      |       |       |     5 |    71 |    78 |    84 |    33 |       |       ||   271
       Magic Dart        |       |       |     4 |    50 |    80 |    23 |    26 |     4 |       ||   187
       Mephitic Cloud    |       |       |       |     9 |     4 |    11 |     2 |       |       ||    26
       Blink             |       |       |       |     3 |     4 |     1 |     4 |     1 |    14 ||    27
       Sandblast         |       |       |       |     2 |    40 |   139 |    11 |       |       ||   192
       Petrify           |       |       |       |    12 |   312 |   126 |   114 |    73 |    48 ||   685
       Statue Form       |       |       |       |       |     6 |    98 |    79 |    97 |   117 ||   397
       Lee's Rapid Decon |       |       |       |       |       |     5 |    32 |    48 |       ||    85
       Confusing Touch   |       |       |       |       |       |     1 |    12 |       |       ||    13
       Silence           |       |       |       |       |       |       |     7 |     3 |       ||    10
       Passwall          |       |       |       |       |       |       |    19 |    12 |    64 ||    95
       Darkness          |       |       |       |       |       |       |       |    48 |   105 ||   153
       Cause Fear        |       |       |       |       |       |       |       |     8 |     2 ||    10
       Bolt of Magma     |       |       |       |       |       |       |       |     4 |     9 ||    13
       Deflect Missiles  |       |       |       |       |       |       |       |       |     7 ||     7
       Summon Mana Viper |       |       |       |       |       |       |       |       |     6 ||     6
       Lesser Beckoning  |       |       |       |       |       |       |       |       |     7 ||     7
Invok: Greater Healing   |       |       |       |     5 |     6 |     6 |     4 |     6 |     2 ||    29
       Divine Protection |       |       |       |     1 |       |       |       |       |       ||     1
       Divine Vigour     |       |       |       |     1 |     1 |     4 |     8 |     7 |     8 ||    29
       Purification      |       |       |       |     1 |       |       |     1 |       |       ||     2
 Abil: Evoke Invisibilit |       |       |       |       |     1 |     5 |     9 |     6 |     8 ||    29
       End Transformatio |       |       |       |       |     3 |     4 |    12 |    10 |    43 ||    72
Evoke: Wand              |       |       |       |       |     3 |    13 |     4 |     5 |       ||    25
       Lamp of fire      |       |       |       |       |       |       |       |     1 |       ||     1
  Use: Scroll            |     4 |     4 |     3 |    13 |     7 |     6 |     3 |    11 |    17 ||    68
       Potion            |     1 |     2 |     1 |       |     1 |       |     2 |     1 |     5 ||    13
 Stab: Sleeping          |       |       |     2 |    11 |    12 |    40 |    66 |    49 |    66 ||   246
       Distracted        |       |       |     1 |     2 |     1 |     2 |     1 |       |     6 ||    13
       Confused          |       |       |       |     3 |       |     2 |    10 |       |     1 ||    16
       Petrified         |       |       |       |    12 |   324 |    95 |    66 |    35 |    17 ||   549
       Petrifying        |       |       |       |       |    23 |     5 |    24 |     5 |    17 ||    74
       Invisible         |       |       |       |       |       |     1 |    10 |     5 |     6 ||    22
       Paralysed         |       |       |       |       |       |       |       |       |     1 ||     1
  Eat: Chunk             |    11 |     5 |    20 |    37 |    76 |    78 |    91 |   100 |    74 ||   492
       Ration            |       |       |       |       |       |    15 |       |       |     7 ||    22
Armor: Skin              |     7 |     3 |     7 |    10 |    66 |   388 |   185 |   275 |   307 ||  1248
Dodge: Dodged            |    51 |    20 |   121 |   245 |   661 |  1946 |  1185 |  1473 |  1890 ||  7592
       Deflected         |       |       |       |       |       |       |       |       |    48 ||    48

Table legend:
 A = Non-vault XP
 B = Vault XP
 C = Vault XP percentage of total XP
 D = Non-vault monster count
 E = Vault monster count
 F = Vault count percentage of total count
                 A         B        C        D         E       F
            +---------+---------+-------+---------+---------+-------
      Total |  807382 |  905565 |  52.9 |    1411 |     914 |  39.3
            +---------+---------+-------+---------+---------+-------
        D:1 |      12 |       0 |   0.0 |       6 |       0 |   0.0
        D:2 |      81 |      16 |  16.5 |      21 |       8 |  27.6
        D:3 |     142 |      15 |   9.6 |      14 |       6 |  30.0
        D:4 |     303 |       0 |   0.0 |      19 |       0 |   0.0
        D:5 |     384 |      35 |   8.4 |      14 |       1 |   6.7
        D:6 |     175 |     562 |  76.3 |      13 |       4 |  23.5
        D:7 |    1129 |     928 |  45.1 |      23 |       6 |  20.7
        D:8 |     256 |       0 |   0.0 |       9 |       0 |   0.0
        D:9 |    2069 |    1267 |  38.0 |      30 |       7 |  18.9
       D:10 |    1982 |    2219 |  52.8 |      19 |       5 |  20.8
       D:11 |    4284 |     202 |   4.5 |      26 |       1 |   3.7
       D:12 |   10469 |     206 |   1.9 |      43 |       1 |   2.3
       D:13 |    9585 |    1567 |  14.1 |      37 |       2 |   5.1
       D:14 |   14258 |    6847 |  32.4 |      37 |      14 |  27.5
       D:15 |    4378 |   16202 |  78.7 |      15 |      27 |  64.3
     Lair:1 |    4126 |    1028 |  19.9 |      18 |       1 |   5.3
     Lair:2 |    2414 |    5072 |  67.8 |      15 |      10 |  40.0
     Lair:3 |    2492 |     789 |  24.0 |       9 |       8 |  47.1
     Lair:4 |     760 |    1014 |  57.2 |       4 |       6 |  60.0
     Lair:5 |   10051 |    4810 |  32.4 |      31 |      27 |  46.6
     Lair:6 |   10881 |    8779 |  44.7 |      31 |      21 |  40.4
    Swamp:1 |   10859 |    5431 |  33.3 |      29 |       2 |   6.5
    Swamp:2 |   13225 |    2080 |  13.6 |      28 |       1 |   3.4
    Swamp:3 |   13585 |    3035 |  18.3 |      40 |       3 |   7.0
    Swamp:4 |    6949 |   16600 |  70.5 |      16 |      24 |  60.0
    Snake:1 |   15785 |       0 |   0.0 |      30 |       0 |   0.0
    Snake:2 |    2278 |   19584 |  89.6 |       3 |      29 |  90.6
    Snake:3 |   15573 |     890 |   5.4 |      28 |       2 |   6.7
    Snake:4 |   15864 |   38533 |  70.8 |      26 |      64 |  71.1
      Orc:1 |    2834 |       0 |   0.0 |      37 |       0 |   0.0
      Orc:2 |    4270 |   18241 |  81.0 |      30 |      63 |  67.7
      Elf:1 |   23739 |   32693 |  57.9 |      35 |      60 |  63.2
      Elf:2 |   10369 |    4535 |  30.4 |      20 |       8 |  28.6
      Elf:3 |   23805 |   52767 |  68.9 |      36 |      32 |  47.1
   Vaults:1 |   34434 |   20391 |  37.2 |      64 |      34 |  34.7
   Vaults:2 |   31501 |   44363 |  58.5 |      50 |      51 |  50.5
   Vaults:3 |    8563 |   28522 |  76.9 |      18 |      41 |  69.5
   Vaults:4 |   46298 |   50318 |  52.1 |      51 |      43 |  45.7
   Depths:1 |   36405 |       0 |   0.0 |      36 |       0 |   0.0
   Depths:2 |       0 |   80138 | 100.0 |       0 |      64 | 100.0
   Depths:3 |   22434 |  152762 |  87.2 |      26 |      94 |  78.3
   Depths:4 |   31030 |   41221 |  57.1 |      43 |      28 |  39.4
   Depths:5 |   44728 |   29264 |  39.6 |      38 |      17 |  30.9
      Zot:1 |   41337 |       0 |   0.0 |      19 |       0 |   0.0
      Zot:2 |   35524 |   29891 |  45.7 |      16 |      16 |  50.0
      Zot:3 |   56584 |       0 |   0.0 |      33 |       0 |   0.0
      Zot:4 |   40630 |       0 |   0.0 |      23 |       0 |   0.0
      Zot:5 |   56980 |  164666 |  74.3 |      33 |      41 |  55.4
    Abyss:1 |    7207 |       0 |   0.0 |      21 |       0 |   0.0
    Abyss:2 |     380 |       0 |   0.0 |       2 |       0 |   0.0
    Abyss:3 |   70586 |   12499 |  15.0 |     134 |      16 |  10.7
    Abyss:4 |    3395 |       0 |   0.0 |      12 |       0 |   0.0
      Sewer |       0 |     118 | 100.0 |       0 |       6 | 100.0
      IceCv |       0 |    5465 | 100.0 |       0 |      20 | 100.0
            +---------+---------+-------+---------+---------+-------
